Map: Вечная империя РВ

Players

gapk - Winner!

  • Race: Terran Terran
  • League: Diamond
  • Spawn Location: 7:00

Ceazar

  • Race: Zerg Zerg
  • League: Diamond
  • Spawn Location: 1:00

VOD

Have the link to the VOD?

Description

Time

  • Played on: April 3, 2020, 10:15 a.m.
  • Length: 12:46
Show
View Real Time Build Order
Export as new Build Order

gapk Terran - Winner!

Build Orders: Hellion Opening 

Get SALT Encoding   

  12  0:01  SCV  
  13  0:13  SCV  
  14  0:17  Supply Depot  
  14  0:25  SCV  
  15  0:28  Refinery  
  15  0:39  SCV  
  16  0:45  Barracks  
  16  0:51  SCV  
  17  1:03  SCV  
  18  1:15  SCV  
  19  1:32  Orbital Command  
  19  1:34  Marine  
  20  1:48  Command Center  
  20  2:00  SCV  
  21  2:01  Factory  
  21  2:08  Barracks Reactor  
  21  2:17  Supply Depot  
  21  2:18  SCV  
  22  2:25  Refinery  
  22  2:32  SCV  
  23  2:44  SCV  
  24  2:55  Starport  
  24  2:56  Hellion x2  
  24  2:57  SCV  
  29  2:59  Marine  
  29  3:04  Orbital Command  
  30  3:09  SCV  
  31  3:19  Hellion x2, Marine  
  36  3:24  SCV  
  37  3:31  SCV  
  37  3:34  Medivac  
  40  3:36  SCV  
  40  3:40  Armory  
  41  3:44  Marine  
  42  3:51  Hellion x2  
  46  4:02  Supply Depot  
  46  4:18  Barracks Tech Lab, Starport Tech Lab  
  46  4:23  Hellion x2, SCV x2  
  52  4:40  SCV  
  53  4:55  Marine  
  53  4:58  SCV x2  
  54  5:03  Cloaking Field  
  54  5:06  Barracks x2  
  54  5:10  Command Center  
  54  5:37  Supply Depot  
  54  5:40  Supply Depot  
  54  5:45  Refinery  
  54  5:47  Engineering Bay x2, Refinery  
  54  5:58  Banshee, SCV x2, Marine  
  54  6:00  Hellion  
  54  6:01  Hellion  
  46  6:16  Marine  
  46  6:20  Terran Infantry Weapons Level 1  
  46  6:22  Engineering Bay  
  42  6:33  Barracks Reactor, Marine  
  42  6:35  Stimpack  
  42  6:38  SCV x2  
  46  6:41  Factory Reactor, Orbital Command, Banshee  
  48  6:50  SCV  
  48  6:51  SCV, Marine  
  51  6:55  Barracks, Supply Depot  
  51  6:58  Barracks  
  51  7:02  Marine x2  
  51  7:03  SCV x2  
  51  7:08  SCV  
  56  7:09  Supply Depot, Marine  
  56  7:13  Engineering Bay  
  56  7:15  SCV x2  
  59  7:16  Supply Depot  
  59  7:19  Marine  
  59  7:20  Marine  
  61  7:26  Orbital Command  
  61  7:27  SCV, Marine  
  61  7:39  Marine x2  
  61  7:40  Marine x2  
  61  7:42  Widow Mine x2  
  66  7:45  Barracks Reactor, Marine  
  66  7:46  Barracks Reactor  
  66  7:48  SCV x2  
  66  7:50  Factory  
  69  7:52  Starport Reactor  
  69  8:00  SCV  
  69  8:04  Marine  
  69  8:05  Marine x4  
  74  8:12  Terran Infantry Armor Level 1  
  75  8:15  Supply Depot  
  75  8:16  SCV, Supply Depot  
  75  8:17  SCV  
  74  8:22  Marine x2  
  74  8:23  Marine x2  
  78  8:32  SCV x3  
  79  8:44  SCV x3  
  82  8:48  Terran Infantry Weapons Level 2  
  82  8:56  SCV x2  
  82  8:57  Marine  
  82  8:58  SCV, Marine  
  87  9:05  Supply Depot x2  
  87  9:06  Marine  
  87  9:07  Marine x2  
  87  9:08  SCV x2, Marine x4  
  96  9:10  SCV  
  96  9:11  Widow Mine x2  
  96  9:12  Widow Mine  
  96  9:15  Marine  
  104  9:17  Medivac  
  104  9:18  Medivac  
  104  9:20  SCV  
  109  9:27  SCV x2  
  109  9:29  Supply Depot  
  109  9:30  Supply Depot  
  111  9:32  SCV  
  111  9:34  Marine x5  
  111  9:36  Widow Mine  
  116  9:39  SCV  
  117  9:45  Marine  
  117  9:46  Marine  
  117  9:47  Marine x2  
  117  9:49  Medivac  
  117  9:50  Combat Shield  
  117  9:52  Marine x5  
  127  9:53  Widow Mine  
  130  10:01  Supply Depot  
  130  10:03  Marine x2  
  130  10:05  Marine x2  
  134  10:09  Widow Mine x2, Marine  
  134  10:10  Marine x4  
  143  10:14  Widow Mine  
  145  10:21  Marine x2  
  145  10:22  Marine  
  145  10:23  Marine  
  143  10:33  Marine x5  
  130  10:35  Widow Mine x2  
  130  10:36  Widow Mine, Medivac x2  
  130  10:39  Marine x2  
  130  10:40  Marine  
  130  10:41  Supply Depot x2, Marine  
  138  10:45  Command Center  
  138  10:50  Marine  
  138  10:51  Marine x4  
  138  10:57  Marine x2  
  143  10:58  Marine  
  143  11:03  Marine  
  146  11:05  Widow Mine x3  
  146  11:06  Medivac x2  
  146  11:08  Marine x2  
  146  11:09  Marine x2  
  160  11:15  Barracks  
  160  11:16  Barracks  
  160  11:18  Barracks  
  160  11:21  Marine x2  
  155  11:25  Marine x2  
  155  11:26  Marine x3  
  155  11:28  SCV x2  
  138  11:54  Marine  
  138  11:55  Marauder, Marine  
  138  11:58  Marine x2  
  138  12:01  Marine x2  
  140  12:03  Marine  
  140  12:04  Marine  
  140  12:05  Marine x2  
  135  12:13  Marine  
  135  12:14  Marine x2  
  136  12:16  Marine x3  
  131  12:27  Command Center  
  131  12:28  SCV x2  
  131  12:29  Command Center  
Show
View Real Time Build Order
Export as new Build Order

Ceazar Zerg 

Build Orders: Hatch First 

Get SALT Encoding   

  12  0:01  Drone  
  13  0:09  Drone  
  14  0:17  Overlord  
  14  0:41  Hatchery  
  13  0:45  Drone  
  15  0:50  Drone  
  15  0:53  Drone  
  16  1:09  Spawning Pool  
  16  1:10  Extractor  
  14  1:21  Drone x3  
  17  1:33  Drone  
  18  1:43  Drone  
  19  1:55  Queen x2  
  19  1:57  Drone  
  19  1:58  Drone  
  25  2:09  Overlord  
  25  2:10  Zergling x2  
  25  2:15  Zergling x2  
  27  2:17  Metabolic Boost  
  27  2:30  Drone x3  
  30  2:50  Drone x2  
  32  2:52  Hatchery  
  32  2:53  Drone  
  32  3:00  Drone x3  
  32  3:05  Overlord  
  35  3:09  Drone  
  36  3:23  Queen  
  38  3:27  Pneumatized Carapace  
  38  3:32  Zergling x8  
  38  3:34  Drone x2  
  44  3:46  Overlord x2  
  44  4:02  Overlord  
  44  4:04  Drone x3  
  44  4:06  Zergling x2  
  44  4:07  Queen, Zergling x2  
  51  4:13  Zergling x8  
  55  4:19  Zergling x6  
  55  4:20  Drone x2  
  60  4:24  Drone  
  60  4:29  Zergling x2  
  62  4:31  Zergling x2  
  62  4:34  Drone  
  61  4:43  Spine Crawler  
  61  4:45  Zergling x6  
  63  4:46  Spine Crawler  
  63  4:47  Baneling Nest  
  45  5:00  Zergling x2  
  45  5:01  Zergling x16  
  48  5:14  Zergling x2  
  48  5:15  Zergling x6  
  39  5:31  Zergling x4  
  39  5:32  Zergling x2  
  39  5:34  Baneling x4  
  39  5:35  Baneling x2  
  45  5:36  Zergling x6  
  45  5:38  Baneling x2  
  45  5:42  Zergling x2  
  50  5:49  Zergling x2  
  47  5:53  Zergling x2  
  47  6:02  Zergling x2  
  47  6:03  Zergling x2  
  41  6:18  Drone x2  
  40  6:32  Drone x2  
  41  6:33  Drone, Queen  
  41  6:38  Drone  
  41  6:39  Hatchery  
  44  6:42  Queen  
  46  6:48  Drone x2  
  48  6:57  Drone x2  
  50  7:03  Drone  
  51  7:13  Drone x2, Baneling Nest  
  52  7:27  Zergling x6  
  52  7:28  Zergling x2, Hatchery  
  54  7:43  Drone x3  
  53  7:47  Spore Crawler  
  53  7:49  Spore Crawler  
  53  7:51  Spore Crawler  
  53  7:53  Lair  
  53  7:55  Extractor  
  53  7:58  Queen  
  47  8:05  Drone x2  
  47  8:06  Drone x3  
  47  8:07  Spore Crawler  
  47  8:11  Evolution Chamber  
  46  8:14  Drone x2  
  47  8:21  Drone x2  
  49  8:30  Drone  
  49  8:33  Drone x4  
  49  8:34  Queen  
  56  8:47  Drone x2  
  56  8:48  Drone x2  
  59  8:53  Drone x3  
  59  8:54  Queen  
  59  8:55  Centrifical Hooks, Zerg Melee Weapons Level 1  
  64  8:57  Zergling x2  
  65  9:05  Zergling x6  
  65  9:06  Baneling  
  65  9:07  Baneling x5  
  65  9:08  Zergling x2  
  69  9:16  Zergling x4  
  69  9:17  Zergling x4  
  74  9:24  Zergling x4  
  75  9:36  Zergling x8  
  75  9:37  Zergling x2  
  80  9:38  Overlord x2  
  80  9:39  Overlord x2  
  80  9:42  Overlord x2  
  80  9:46  Overlord x2  
  80  9:56  Queen, Baneling x3  
  80  9:57  Baneling  
  82  10:00  Zergling x4  
  82  10:01  Zergling x10  
  90  10:07  Zergling x10  
  90  10:08  Zergling x2  
  90  10:11  Zergling x2  
  96  10:20  Zergling x8  
  96  10:34  Zergling x2  
  96  10:35  Zergling x20  
  95  10:52  Zergling x2  
  95  10:53  Zergling x12  
  102  11:01  Zergling x10  
  102  11:03  Baneling x11  
  107  11:04  Drone  
  108  11:17  Evolution Chamber  
  106  11:31  Zergling x4  
  102  11:39  Zergling x12  
  107  11:40  Baneling x3, Zergling x2  
  107  11:41  Baneling x3  
  107  11:42  Zergling x10  
  107  11:43  Zergling x4  
  109  11:52  Zergling x2  
  109  11:53  Zergling x10  
  103  12:00  Zergling x2, Hatchery  
  100  12:01  Zergling x4  
  79  12:10  Zergling x2  
  79  12:11  Zergling x4  
  79  12:14  Zergling x2  
  79  12:22  Zergling x8  
  78  12:26  Baneling x3  
Tags
 
Add a new tag
Caveats
  • Supply blocks, unpowered buildings, or Contaminate may cause inaccurate times.
  • Supply counts are checked every 10 seconds.